Map: Heavy Artillery LE

Players

Kaxolix

  • Race: Terran Terran
  • League: Silver
  • Spawn Location: 7:00

BBTheDroid

  • Race: Protoss Protoss
  • Spawn Location: 7:00

Osi

  • Race: Zerg Zerg
  • League: Diamond
  • Spawn Location: 1:00

freedomsfate

  • Race: Protoss Protoss
  • Spawn Location: 3:00

VOD

Have the link to the VOD?

Description

Time

  • Played on: Sept. 21, 2024, 2:57 p.m.
  • Length: 17:30
Show
View Real Time Build Order
Export as new Build Order

Kaxolix Terran 

Build Orders:  

Get SALT Encoding   

  12  0:00  SCV  
  13  0:12  SCV  
  14  0:18  Supply Depot  
  14  0:26  SCV  
  15  0:39  SCV  
  16  0:45  Barracks  
  16  0:49  Refinery  
  16  1:00  SCV, Supply Depot  
  17  1:12  SCV  
  18  1:19  Refinery  
  18  1:24  SCV  
  19  1:37  Barracks Reactor  
  19  1:41  SCV  
  20  1:53  SCV  
  21  2:03  Factory  
  21  2:05  Orbital Command  
  21  2:16  Marine x2  
  23  2:35  Command Center  
  23  2:36  SCV  
  24  2:49  Marine  
  24  2:50  Marine  
  24  2:51  Factory Tech Lab  
  26  3:13  Siege Tank  
  29  3:22  Marine x2  
  29  3:25  Barracks  
  29  3:26  Barracks  
  31  3:31  Engineering Bay  
  31  3:36  Engineering Bay  
  31  4:19  Barracks Reactor  
  31  4:21  Siege Tank  
  34  4:27  Factory  
  34  4:32  Starport  
  34  4:46  Bunker  
  34  4:47  Bunker  
  34  4:57  SCV  
  34  4:59  Supply Depot  
  35  5:07  Supply Depot  
  35  5:09  SCV  
  36  5:24  SCV  
  37  5:36  SCV  
  37  5:41  Supply Depot  
  35  5:46  Factory Reactor  
  35  5:48  Bunker  
  34  5:54  Marine x4  
  38  5:58  Terran Infantry Weapons Level 1  
  38  5:59  Terran Infantry Armor Level 1  
  38  6:12  Barracks  
  38  6:13  Barracks  
  38  6:16  Starport Reactor  
  38  6:20  SCV  
  38  6:22  SCV  
  40  6:49  SCV  
  40  6:50  SCV  
  42  7:01  SCV, Bunker  
  42  7:03  SCV  
  44  7:08  Barracks Tech Lab, Barracks Reactor  
  44  7:14  SCV, Marine x2  
  44  7:15  SCV, Marine x2  
  50  7:22  Armory  
  50  7:30  Armory  
  50  7:33  Armory  
  50  7:34  Combat Shield  
  50  7:37  Marine x2  
  50  7:38  Marine  
  50  7:39  Marine  
  50  7:42  SCV  
  50  7:44  SCV  
  56  7:56  SCV  
  56  7:57  SCV  
  58  8:00  Medivac  
  58  8:01  Medivac  
  62  8:09  Supply Depot  
  62  8:12  Supply Depot  
  62  8:17  Supply Depot  
  62  8:21  Supply Depot  
  62  8:25  Supply Depot  
  62  8:31  SCV, Marine x4  
  62  8:33  SCV  
  50  8:44  SCV  
  50  8:45  Marine x2  
  49  8:48  Marine x4  
  49  8:53  Stimpack  
  53  9:00  Terran Infantry Weapons Level 2  
  53  9:01  Refinery, Terran Infantry Armor Level 2  
  53  9:05  Refinery  
  53  9:07  Marine x3  
  53  9:08  Marine  
  57  9:12  Marine x2  
  59  9:25  Marine x4  
  59  9:30  Marine x2  
  65  9:32  Supply Depot  
  65  9:45  Command Center  
  65  9:59  Medivac x2  
  69  10:02  Orbital Command  
  69  10:20  Marine x4  
  73  10:22  Marine x2  
  73  11:39  Marine x2  
  75  11:40  Marine x4  
  75  11:41  Medivac x2  
  75  11:42  Siege Tank  
  75  11:43  Hellion  
  75  11:44  Hellion  
  90  11:57  Marine x3, Barracks  
  90  11:58  Marine x3  
  96  12:05  Hellion x2  
  100  12:14  Siege Tank  
  100  12:15  Marine x4  
  105  12:16  Marine x2  
  98  13:23  SCV  
  99  13:35  SCV  
  99  13:39  Command Center  
  99  13:40  SCV  
  101  13:42  SCV  
  101  13:47  SCV  
  103  13:52  SCV  
  103  13:54  SCV  
  105  13:59  SCV  
  105  14:01  Siege Tank  
  105  14:02  Hellion x2  
  108  14:04  SCV  
  108  14:06  SCV  
  101  14:11  SCV  
  102  14:18  SCV  
  102  14:23  SCV  
  54  15:20  SCV  
  55  15:23  Marine x4  
  55  15:24  Barracks Reactor  
  55  15:26  Barracks Reactor  
  58  15:32  SCV  
  58  15:33  Command Center  
  37  15:44  SCV  
  37  15:47  Siege Tank  
  37  15:48  Medivac x2, Hellion x2  
  37  15:49  Marine x4  
  44  15:50  Marauder  
  34  16:04  Marine  
  34  16:07  Marine x2  
  34  16:14  SCV  
  34  16:16  SCV  
  24  16:26  SCV  
  24  16:28  SCV  
  16  16:40  SCV  
  13  16:52  SCV  
  13  17:02  SCV  
  13  17:04  SCV  
  13  17:05  Refinery  
  15  17:14  SCV  
  16  17:16  SCV  
Show
View Real Time Build Order
Export as new Build Order

BBTheDroid Protoss 

Build Orders: Double Forge, Carriers 

Get SALT Encoding   

  12  0:00  Probe  
  13  0:16  Pylon  
  13  0:21  Probe (Chrono Boost)  
  14  0:32  Probe (Chrono Boost)  
  15  0:36  Probe (Chrono Boost)  
  16  0:45  Gateway  
  16  0:49  Assimilator  
  16  1:15  Probe (Chrono Boost)  
  17  1:24  Probe (Chrono Boost)  
  18  1:29  Probe (Chrono Boost)  
  18  1:31  Pylon  
  19  1:35  Cybernetics Core  
  19  1:47  Assimilator  
  19  1:57  Nexus  
  19  2:14  Probe  
  19  2:15  Warp Gate  
  20  2:30  Probe (Chrono Boost)  
  20  2:35  Adept  
  23  2:39  Probe (Chrono Boost)  
  23  2:41  Pylon  
  24  2:45  Pylon  
  24  2:51  Gateway  
  24  2:54  Gateway  
  25  3:06  Probe (Chrono Boost)  
  25  3:12  Probe (Chrono Boost)  
  26  3:22  Probe (Chrono Boost)  
  26  3:25  Forge x2  
  27  3:27  Probe (Chrono Boost)  
  27  3:33  Stargate  
  28  3:35  Stargate  
  28  3:38  Probe  
  29  3:47  Twilight Council  
  29  3:50  Probe  
  30  4:03  Probe  
  31  4:15  Probe  
  32  4:27  Probe  
  32  4:30  Fleet Beacon  
  33  4:41  Probe (Chrono Boost)  
  34  4:45  Probe (Chrono Boost)  
  36  4:56  Probe x2 (Chrono Boost)  
  37  5:00  Probe (Chrono Boost)  
  37  5:03  Probe, Pylon  
  39  5:12  Probe  
  40  5:14  Carrier (Chrono Boost)  
  40  5:15  Probe  
  40  5:18  Protoss Air Weapons Level 1 (Chrono Boost)  
  40  5:20  Assimilator  
  47  5:24  Probe, Assimilator  
  48  5:40  Cybernetics Core  
  48  6:03  Carrier (Chrono Boost)  
  54  6:11  Protoss Shields Level 1  
  54  6:17  Probe (Chrono Boost)  
  56  6:26  Probe (Chrono Boost)  
  56  6:31  Probe (Chrono Boost)  
  63  6:41  Nexus, Carrier (Chrono Boost)  
  63  6:58  Protoss Air Armor Level 1  
  63  7:01  Pylon  
  63  7:05  Pylon  
  63  7:17  Pylon  
  69  7:28  Carrier (Chrono Boost)  
  69  7:38  Protoss Air Weapons Level 2 (Chrono Boost)  
  69  7:53  Probe (Chrono Boost)  
  70  8:04  Probe x2 (Chrono Boost)  
  73  8:05  Probe (Chrono Boost)  
  73  8:11  Assimilator  
  73  8:12  Probe (Chrono Boost)  
  76  8:13  Probe x2 (Chrono Boost)  
  76  8:16  Probe (Chrono Boost)  
  76  8:18  Probe (Chrono Boost), Assimilator  
  77  8:20  Probe  
  77  8:25  Probe  
  77  8:27  Carrier x2  
  92  8:29  Probe  
  92  8:32  Probe  
  94  8:38  Probe  
  95  8:41  Probe  
  96  8:53  Probe  
  97  9:19  Protoss Shields Level 2  
  97  9:32  Stargate  
  97  9:33  Stargate  
  97  9:37  Protoss Air Armor Level 2 (Chrono Boost)  
  97  9:45  Carrier x2 (Chrono Boost)  
  106  11:24  Pylon  
  106  11:25  Pylon  
  106  11:26  Pylon x2  
  106  11:27  Pylon  
  106  11:38  Carrier x2 (Chrono Boost), Protoss Air Weapons Level 3 (Chrono Boost)  
  106  11:40  Carrier x2 (Chrono Boost)  
  128  12:03  Stalker x2  
  92  13:03  Carrier (Chrono Boost)  
  110  13:13  Carrier (Chrono Boost)  
  110  13:16  Stargate x2, Carrier (Chrono Boost)  
  110  13:18  Stargate x2, Carrier (Chrono Boost)  
  98  14:04  Carrier x2 (Chrono Boost)  
  98  14:06  Carrier (Chrono Boost)  
  98  14:07  Carrier (Chrono Boost)  
  89  14:18  Carrier (Chrono Boost)  
  71  14:53  Carrier (Chrono Boost)  
  71  14:54  Carrier (Chrono Boost)  
  89  15:15  Carrier (Chrono Boost)  
  59  15:56  Carrier (Chrono Boost)  
Show
View Real Time Build Order
Export as new Build Order

Osi Zerg 

Build Orders: Hatch First 

Get SALT Encoding   

  12  0:00  Drone  
  13  0:19  Overlord  
  13  0:31  Drone  
  14  0:37  Drone x2  
  16  0:51  Hatchery  
  15  1:06  Drone x2  
  15  1:10  Extractor  
  16  1:12  Spawning Pool  
  16  1:16  Drone  
  16  1:21  Drone  
  17  1:33  Drone  
  18  1:49  Drone x2  
  20  1:59  Queen  
  22  2:02  Queen  
  22  2:04  Drone x2  
  26  2:14  Metabolic Boost  
  27  2:15  Drone x2  
  28  2:23  Overlord  
  28  2:41  Drone  
  29  2:50  Overlord  
  29  2:56  Zergling x8  
  33  2:59  Hatchery  
  32  3:27  Drone  
  32  3:28  Drone x6  
  32  3:30  Overlord  
  39  3:55  Queen x2  
  42  3:56  Overlord x2  
  42  3:58  Drone x3  
  42  4:02  Baneling Nest  
  44  4:18  Overlord  
  44  4:19  Extractor, Drone  
  44  4:21  Drone  
  45  4:26  Queen, Drone  
  45  4:28  Zergling x8  
  50  4:34  Zergling x10  
  55  4:45  Zergling x8  
  59  4:47  Drone  
  59  4:51  Lair  
  60  4:53  Spore Crawler  
  60  4:56  Spore Crawler  
  58  5:15  Baneling x11  
  58  5:19  Extractor  
  58  5:20  Drone x9  
  58  5:21  Extractor, Drone x2  
  68  5:27  Overlord  
  67  5:30  Spore Crawler  
  57  5:40  Zergling x20  
  62  5:54  Extractor  
  61  6:03  Centrifugal Hooks  
  61  6:05  Evolution Chamber  
  61  6:10  Drone x7  
  61  6:11  Drone  
  68  6:18  Hydralisk Den, Drone x2  
  69  6:20  Roach Warren  
  68  6:28  Extractor  
  67  6:41  Overseer  
  67  6:48  Zergling x6  
  67  6:49  Zergling x8  
  67  6:50  Muscular Augments  
  67  6:53  Overlord  
  74  6:57  Drone  
  74  6:58  Drone x8  
  83  7:16  Baneling x10  
  83  7:17  Baneling x10  
  83  7:18  Hydralisk  
  83  7:19  Hydralisk x3  
  91  7:24  Drone x2  
  93  7:31  Zerg Missile Weapons Level 1  
  93  7:32  Spore Crawler  
  93  7:35  Drone x4  
  93  7:36  Drone x2  
  98  7:43  Overlord x2  
  98  7:44  Overlord  
  98  7:54  Baneling x2, Grooved Spines  
  98  7:55  Baneling x6  
  98  7:56  Baneling x5  
  98  8:01  Overlord x2  
  98  8:02  Overlord x2  
  98  8:06  Glial Reconstitution  
  98  8:12  Evolution Chamber  
  97  8:16  Infestation Pit  
  73  8:54  Hydralisk, Hive  
  73  8:55  Hydralisk x17  
  109  9:35  Hatchery  
  108  9:41  Drone x3  
  108  9:42  Drone x2  
  108  9:43  Drone x2  
  108  9:45  Zerg Missile Weapons Level 2, Zerg Ground Armor Level 1  
  115  9:46  Hatchery  
  115  9:49  Hydralisk  
  115  9:50  Hydralisk x7  
  130  10:18  Drone x10  
  130  10:19  Drone  
  141  10:26  Viper x3  
  150  10:44  Drone  
  150  10:45  Drone x3  
  150  10:46  Overlord x4  
  150  10:47  Overlord x2  
  150  10:48  Extractor  
  153  10:51  Extractor  
  152  11:03  Viper x3, Roach  
  163  11:18  Overseer x3  
  163  11:35  Spore Crawler x2  
  161  11:40  Spine Crawler  
  161  11:41  Spore Crawler  
  159  11:47  Drone x3  
  159  11:51  Extractor  
  159  11:52  Drone x2  
  159  11:53  Extractor, Drone x6  
  168  11:58  Hydralisk x13  
  194  12:01  Zerg Ground Armor Level 2  
  194  12:08  Hydralisk x3  
  194  12:15  Lurker Den, Nydus Network  
  148  13:00  Viper x3  
  148  13:01  Viper x2  
  163  13:08  Hydralisk x5  
  163  13:09  Zergling x18  
  182  13:17  Overlord  
  182  13:18  Overlord x3  
  182  13:40  Hatchery  
  181  13:47  Hatchery  
  149  14:00  Baneling  
  149  14:01  Baneling x16  
  149  14:05  Hydralisk  
  149  14:06  Hydralisk x10  
  149  14:07  Hydralisk x10  
  167  14:46  Hydralisk x15  
  167  14:47  Hydralisk x3  
  187  15:02  Zergling x16  
  193  15:09  Overseer x2  
  141  15:43  Swarm Host  
  126  15:51  Hydralisk x21  
  126  15:52  Hydralisk x3  
  126  15:56  Hydralisk x5  
  178  16:00  Nydus Canal  
  167  16:24  Spore Crawler  
  166  16:29  Spore Crawler  
  165  16:36  Spine Crawler  
  165  16:39  Spine Crawler  
  163  16:44  Hatchery  
  198  17:17  Drone  
Show
View Real Time Build Order
Export as new Build Order

freedomsfate Protoss 

Build Orders:  

Get SALT Encoding   

  12  0:02  Probe  
  13  0:14  Probe  
  14  0:26  Probe  
  15  0:36  Pylon  
  15  0:54  Probe (Chrono Boost)  
  16  1:00  Gateway  
  16  1:06  Probe (Chrono Boost)  
  16  1:09  Assimilator  
  17  1:13  Probe (Chrono Boost)  
  18  1:21  Probe  
  19  1:27  Assimilator  
  19  1:33  Probe  
  19  1:38  Pylon  
  20  1:45  Probe, Assimilator  
  21  1:57  Probe  
  22  2:03  Pylon  
  22  2:09  Probe  
  22  2:12  Cybernetics Core  
  23  2:18  Gateway  
  23  2:22  Pylon x2  
  23  2:29  Probe (Chrono Boost)  
  24  2:40  Probe (Chrono Boost), Gateway  
  24  2:43  Gateway  
  25  2:45  Probe (Chrono Boost)  
  26  2:54  Pylon  
  26  3:23  Gateway  
  26  3:29  Gateway  
  26  3:36  Forge  
  26  4:18  Protoss Ground Weapons Level 1 (Chrono Boost)  
  26  4:19  Warp Gate  
  26  4:25  Pylon x2  
  26  4:31  Stalker  
  26  4:32  Stalker x4  
  26  4:33  Stalker  
  38  4:47  Nexus  
  38  4:51  Probe  
  38  4:59  Probe  
  36  5:57  Protoss Ground Armor Level 1  
  36  6:14  Pylon  
  36  6:16  Assimilator  
  36  6:21  Probe (Chrono Boost)  
  37  6:31  Probe (Chrono Boost)  
  38  6:36  Probe (Chrono Boost)  
  39  6:41  Twilight Council  
  39  6:43  Zealot  
  39  6:44  Zealot x2  
  39  6:45  Zealot  
  39  6:46  Zealot  
  39  6:47  Probe, Zealot  
  52  6:59  Probe  
  53  7:04  Robotics Facility  
  53  7:17  Probe  
  54  7:27  Dark Shrine  
  54  7:29  Probe  
  55  7:32  Charge (Chrono Boost)  
  55  7:42  Probe  
  56  8:28  Observer (Chrono Boost)  
  57  8:42  Warp Prism (Chrono Boost)  
  43  9:06  Blink  
  43  9:09  Protoss Ground Weapons Level 2 (Chrono Boost)  
  43  9:28  Pylon  
  43  10:15  Gateway  
  43  10:17  Gateway  
  43  10:20  Gateway  
  43  10:44  Dark Templar  
  43  10:45  Dark Templar x3  
  43  10:46  Dark Templar  
  43  10:47  Dark Templar  
  41  11:14  Photon Cannon  
  41  11:23  Protoss Shields Level 1 (Chrono Boost), Dark Templar x3  
  41  11:24  Dark Templar x2  
  41  11:25  Dark Templar  
  53  11:26  Zealot x2  
  53  11:27  Zealot  
  59  11:34  Observer  
  60  11:43  Gateway  
  60  11:47  Pylon  
  60  12:07  Zealot x2  
  60  12:08  Zealot x2  
  66  12:09  Dark Templar  
  66  12:10  Dark Templar  
  66  12:11  Dark Templar  
  66  12:12  Zealot  
  66  12:13  Zealot  
  42  12:56  Zealot  
  42  12:57  Zealot x2  
  42  12:58  Zealot x2  
  50  12:59  Zealot x2  
  50  13:00  Zealot x2  
  50  13:01  Zealot  
  62  13:12  Pylon  
  62  13:15  Pylon  
  62  13:18  Pylon, Protoss Ground Armor Level 2  
  62  13:20  Pylon  
  62  13:21  Zealot  
  62  13:22  Zealot x2  
  62  13:23  Zealot x2  
  62  13:24  Pylon, Zealot  
  62  13:25  Zealot x2  
  62  13:26  Zealot  
  80  13:27  Zealot  
  41  15:43  Pylon  
  41  15:46  Dark Templar x2  
  41  15:47  Dark Templar x3  
  41  15:48  Dark Templar x2  
  41  15:49  Dark Templar x2  
  59  15:56  Observer  
  60  16:18  Photon Cannon  
  60  16:20  Photon Cannon  
  60  16:21  Gateway  
  60  16:25  Pylon  
  60  16:43  Pylon  
  60  16:57  Archon x4  
  60  17:01  Dark Templar  
  62  17:11  Archon  
Tags
 
Add a new tag
Caveats
  • Supply blocks, unpowered buildings, or Contaminate may cause inaccurate times.
  • Supply counts are checked every 10 seconds.